 Dungeon Crawl Stone Soup version 0.30-a0-159-g068b764562 (webtiles) character file.

Game seed: 123761051927640673

75 zishaf the Trooper (level 3, -1/33 HPs)
             Began as a Demigod Wanderer on Sept 27, 2022.
             Slain by a worm (9 damage)
             ... on level 3 of the Dungeon.
             The game lasted 00:03:44 (2863 turns).

zishaf the Trooper (Demigod Wanderer)               Turns: 2863, Time: 00:03:44

Health: -1/33      AC:  3    Str: 20    XL:     3   Next: 88%
Magic:  6/6        EV: 11    Int: 13    God:
Gold:   121        SH:  0    Dex: 11    Spells: 4/4 levels left

rFire   . . .      SeeInvis +    a - +1 spear
rCold   . . .      Faith    .    (no shield)
rNeg    . . .      Spirit   .    f - +0 leather armour
rPois   .          Reflect  .    (no helmet)
rElec   .          Harm     .    (no cloak)
rCorr   .          Rampage  .    (no gloves)
Will    .....                    (no boots)
Stlth   +.........               (no amulet)
HPRegen 0.11/turn                n - ring of see invisible
MPRegen 0.10/turn                (no ring)

@: weak-willed
A: high MP 1, forlorn, divine attributes
a: no special abilities


You were on level 3 of the Dungeon.
You visited 1 branch of the dungeon, and saw 3 of its levels.

You collected 121 gold pieces.

Inventory:

Hand Weapons
 a - a +1 spear (weapon)
 b - a +0 sling
 k - a +0 club
Missiles
 j - 3 throwing nets
Armour
 f - a +0 leather armour (worn)
 g - an orb of guile
Jewellery
 n - a ring of see invisible (left hand)
Wands
 d - a wand of polymorph (3)
Scrolls
 e - a scroll of fog
 h - 2 scrolls of identify
 q - 2 scrolls of vulnerability
Potions
 c - a potion of attraction
 m - 2 potions of curing


   Skills:
 + Level 4.3 Fighting
 + Level 1.1 Polearms
 - Level 1.0 Armour
 - Level 2.0 Dodging
 - Level 1.0 Spellcasting
 + Level 2.8 Evocations


You had 4 spell levels left.
You didn't know any spells.
Your spell library was empty.

Dungeon Overview and Level Annotations

Branches:
Dungeon (3/15)

Shops:
D:1 [   D:2 [


Innate Abilities, Weirdness & Mutations

You have an increased reservoir of magic. (+10% MP)
You shall have no god before yourself.
Your divine heritage dramatically boosts your attributes as you level up.


Message History

As you read the scroll labelled ONYRYT RAEM, it crumbles to dust.
It was a scroll of poison.
As you read the scroll labelled CUITAENUYP, it crumbles to dust.
You feel strangely unstable.
It was a scroll of teleportation.
As you read the scroll labelled JOROEWIFIAH, it crumbles to dust.
Magic quickly surges around you.
It was a scroll of vulnerability.
You start resting.
Your surroundings suddenly seem different.
An orc and a worm come into view.
Found a ring mail and a scroll of identify.
The orc shouts!
The worm bites you! The worm closely misses you.
The orc attacks as you move away! The orc hits you but does no damage.
The orc attacks as you move away! The orc barely misses you.
The orc attacks as you move away! The orc closely misses you.
The orc attacks as you move away! The orc hits you with a +0 club.
You hit the orc but do no damage. The orc hits you with a +0 club.
You hit the orc but do no damage. The orc hits you with a +0 club.
You closely miss the orc. The orc hits you with a +0 club.
You closely miss the orc. The orc barely misses you.
You hit the orc.
The orc is heavily wounded.
The orc closely misses you.
You hit the orc but do no damage.
The orc is heavily wounded.
The orc hits you with a +0 club.
* * * LOW HITPOINT WARNING * * *
The orc barely misses you.
You hit the orc.
The orc is severely wounded.
The orc barely misses you.
You hit the orc.
You kill the orc!
You hit the worm.
The worm is moderately wounded.
You hit the worm.
The worm is heavily wounded.
The worm bites you!
You die...

##### ...# ...#
#.#.##
##.##[##?##########
#.........w@.......
##.##.##.########..
#.#.## ...# ##.#
#.# #.# #.#


You could see a worm.

Vanquished Creatures
  2 adders (D:2)
  A dart slug (D:1)
  An orc (D:3)
  8 endoplasms
  3 giant cockroaches
  5 goblins
  5 hobgoblins
  2 jackals (D:1)
  2 quokkas
  6 ball pythons
  6 bats
  A frilled lizard (D:1)
  2 kobolds (D:1)
  4 rats
48 creatures vanquished.

Notes
Turn   | Place    | Note
-------+----------+-------------------------------------------
     0 | D:1      | zishaf the Demigod Wanderer began the quest for the Orb.
     0 | D:1      | zishaf set off with the following items: a +0 club, 3
                  | throwing nets, a potion of attraction, a wand of polymorph
                  | (4), a scroll of fog, a +0 leather armour.
     0 | D:1      | Reached XP level 1. HP: 19/19 MP: 4/4
   337 | D:1      | Reached XP level 2. HP: 12/27 MP: 5/5
   607 | D:1      | Found Xoiluib's Antique Armour Boutique.
   871 | D:1      | Reached skill level 4 in Fighting
  1672 | D:1      | Reached XP level 3. HP: 18/33 MP: 6/6
  2359 | D:2      | Reached skill level 1 in Polearms
  2444 | D:2      | Found Ogaovoig's Antique Armour Shoppe.
  2863 | D:3      | Slain by a worm

Illustrated notes

Levels and vault maps discovered:
D:1:      scummos_arrival_simple_crosswalls, layout_basic, serial_shops,
          shop_fountains, chequers_serial_rivers_micro_a,
          chequers_serial_rivers_small_b
D:2:      layout_rooms, serial_shops, shop
D:3:      layout_loops_ring, tso_altar, gup_sewer_entry_bowl

Skill      XL: |  1  2  3 |
---------------+----------+-----
Evocations     | 2 |  2.8
Dodging        | 2 |  2.0
Fighting       | 4 |  4.3
Polearms       | 1 |  1.1
Armour         | |  1.0
Spellcasting   | |  1.0

Action                   || total
-------------------------++-------
Melee: Club              ||   102
       Spear             ||    81
 Fire: Sling             ||    64
Evoke: Wand              ||     1
  Use: Scroll            ||     6
Armor: Leather armour    ||    69
Dodge: Dodged            ||   185

Table legend: (Time is in decaauts)
 A = Elapsed time spent in this place.
 B = Non-inter-level travel time spent in this place.
 C = Inter-level travel time spent in this place.
 D = Time resting spent in this place.
 E = Time spent auto-exploring this place.
 F = Levels seen in this place.
 G = Mean time per level.
                   A        B        C        D        E       F      G
               +--------+--------+--------+--------+--------+-----+--------+
         Total |   2918 |   2856 |     62 |    130 |   2223 |   3 |  972.7 |
       Dungeon |   2918 |   2856 |     62 |    130 |   2223 |   3 |  972.7 |
               +--------+--------+--------+--------+--------+-----+--------+

Top non-repeatable levels by time:
     D:1: 1813 daAuts
     D:2: 1066 daAuts
     D:3: 39 daAuts
